 Dungeon Crawl Stone Soup version 0.22-a0-362-g535178c (webtiles) character file.

11405 grindst0ne the Blocker (level 12, -8/106 HPs)
             Began as a Formicid Fighter on Apr 19, 2018.
             Was an Elder of Zin.
             Mangled by a catoblepas (24 damage)
             ... on level 11 of the Dungeon.
             The game lasted 00:19:37 (11833 turns).

grindst0ne the Blocker (Formicid Fighter)          Turns: 11833, Time: 00:19:38

Health: -8/106     AC: 16    Str: 24    XL:     12   Next: 7%
Magic:  12/12      EV:  6    Int: 13    God:    Zin [****..]
Gold:   519        SH: 20    Dex: 10    Spells: 11/11 levels left

rFire    . . .     SeeInvis +   F - +4 broad axe
rCold    . . .     Gourm    .   g - +0 large shield
rNeg     + . .     Faith    .   C - +0 plate armour (curse)
rPois    .         Spirit   .   (helmet unavailable)
rElec    .         Reflect  .   i - +0 cloak
rCorr    .         Harm     .   k - +2 pair of gloves {Str+3}
MR       +....                  r - +0 pair of boots (curse)
Stlth    ..........             (no amulet)
HPRegen  0.27/turn              q - ring of positive energy
MPRegen  0.13/turn              (no ring)

@: no status effects
A: permanent stasis, dig shafts and tunnels, four strong arms, antennae 3
a: Dig, Shaft Self, Recite, Vitalisation, Imprison, Donate Gold, Renounce
Religion


You were on level 11 of the Dungeon.
You worshipped Zin.
Zin was greatly pleased with you.
You were hungry.

You visited 2 branches of the dungeon, and saw 12 of its levels.

You collected 576 gold pieces.
You donated 57 gold pieces to Zin.

Inventory:

Hand Weapons
 j - a +1 dagger of venom
 F - a +4 broad axe (weapon)
Missiles
 p - 2 throwing nets (quivered)
 x - 2 javelins of returning
 G - 5 javelins
Armour
 g - a +0 large shield (worn)
 i - a +0 cloak (worn)
 k - a +2 pair of gloves of strength (worn)
 r - a cursed +0 pair of boots (worn)
 C - a cursed +0 plate armour (worn)
Jewellery
 q - a ring of positive energy (left hand)
Wands
 u - a wand of acid (6)
 v - a wand of flame (71)
 w - a wand of enslavement (13)
 I - a wand of disintegration (5)
Scrolls
 b - 2 scrolls of magic mapping {unknown}
 e - 3 scrolls of enchant armour {unknown}
 h - 3 scrolls of noise {unknown}
 m - 3 scrolls of amnesia
 o - 7 scrolls of remove curse {unknown}
 t - 3 scrolls of fog {unknown}
 y - 3 scrolls of blinking {unknown}
 z - 2 scrolls of teleportation {unknown}
 B - a scroll of fear {unknown}
 D - a scroll of immolation {unknown}
 J - a scroll of silence {unknown}
Potions
 a - 2 potions of agility
 c - a potion of flight
 d - 3 potions of might
 l - a potion of heal wounds
 n - 2 potions of brilliance
 A - a potion of curing
 E - a potion of ambrosia
Miscellaneous
 s - a phial of floods (inert)
Comestibles
 f - 18 rations
 H - 3 chunks of flesh


   Skills:
 + Level 13.9 Fighting
   Level 3.2 Long Blades
 - Level 3.2 Armour
 + Level 14.9 Shields


You had 11 spell levels left.
You didn't know any spells.

Dungeon Overview and Level Annotations

Branches:
Dungeon (11/15)            Temple (1/1) D:4            Lair (0/6) D:8
    Orc (0/2) D:9

Altars:
Ashenzari
Dithmenos
Elyvilon
Hepliaklqana
Qazlal
Ru
Sif Muna
Uskayaw
Vehumet
Wu Jian
Zin
The Shining One

Shops:
D:8 [


Innate Abilities, Weirdness & Mutations

You cannot be hasted, slowed, berserked, paralysed or teleported.
You can dig through walls and to a lower floor.
Your four strong arms can wield two-handed weapons with a shield.
You have a pair of large antennae on your head. (SInv)


Message History

The catoblepas breathes a plume of calcifying dust at you.
The blast of calcifying dust hits you!
* * * LOW HITPOINT WARNING * * *
The orc is no longer petrified.
The catoblepas breathes a plume of calcifying dust at you.
The blast of calcifying dust hits you!
* * * LOW HITPOINT WARNING * * *
The orc priest calls down the wrath of Beogh upon you.
You resist with significant effort.
You slash the catoblepas!
The catoblepas is almost dead.
The helpless orc warrior fails to defend itself.
You hit the orc warrior. You block the orc's attack.
You block the catoblepas's attack. The orc barely misses you.
You hit the catoblepas.
The catoblepas is almost dead.
The helpless orc warrior fails to defend itself.
You slash the orc warrior! You block the catoblepas's attack.
You block the orc's attack. The catoblepas gores you!!
You die...

####### #.....# #...[.# #
#.....# ####
##.#####....†############)..
.)..<..'ooo@.§§..(..........
##.#.#.#.(oY§###<...####....
#.###.### #.[..# #.... #.
### ###### ##... #. { #... {
#. #### #. +. {


You could see a catoblepas, an orc warrior (petrified), an orc priest and 2
orcs.

Vanquished Creatures
  Erolcha (D:9)
  2 two-headed ogres
  Pikel (D:6)
  Psyche (D:8)
  Grinder (D:6)
  A meliai zombie (D:10)
  Sigmund (D:5)
  4 yaks (D:10)
  Grum (D:8)
  A steam dragon (D:9)
  Eustachio (D:5)
  Edmund (D:5)
  2 wargs (D:9)
  A water moccasin (D:10)
  Duvessa (D:7)
  A porcupine (D:8)
  6 orc warriors
  5 sky beasts
  A slave (D:6)
  A black bear (D:8)
  2 ice beasts
  4 ogres
  4 wolves (D:8)
  A necrophage (D:7)
  A crocodile (D:8)
  10 centaurs
  4 big kobolds
  Blork the orc (D:5)
  4 bullfrogs
  A gnoll sergeant (D:8)
  Dowan (D:7)
  A wyvern zombie (D:8)
  A jelly (D:8)
  3 scorpions
  9 killer bees
  2 howler monkeys (D:8)
  6 crimson imps
  A quasit (D:8)
  3 bullfrog zombies
  5 hounds
  5 orc priests
  Crazy Yiuf (D:6)
  2 centaur skeletons
  5 orc wizards
  2 bullfrog skeletons
  2 iguanas (D:10)
  2 worker ants
  A howler monkey zombie (D:7)
  3 gnolls (D:8)
  10 adders
  A shadow imp (D:10)
  2 oozes
  An adder skeleton (D:6)
  4 worms
  4 dart slugs
  6 leopard geckos
  44 orcs
  6 bats
  2 giant cockroaches
  5 goblins
  7 hobgoblins
  3 quokkas
  2 ball pythons
  A ball python skeleton (D:4)
  A ball python zombie (D:5)
  2 frilled lizards
  19 kobolds
  A leopard gecko skeleton (D:5)
  A rat (D:2)
243 creatures vanquished.

Vanquished Creatures (collateral kills)
  Urug (D:10)
  A steam dragon (D:10)
  An ogre (D:10)
3 creatures vanquished.

Vanquished Creatures (others)
  An unseen horror (D:11)
  2 fungi (D:8)
3 creatures vanquished.

Grand Total: 249 creatures vanquished

Notes
Turn   | Place    | Note
-------+----------+-------------------------------------------
     0 | D:1      | grindst0ne the Formicid Fighter began the quest for the Orb.
     0 | D:1      | Reached XP level 1. HP: 18/18 MP: 1/1
   184 | D:1      | Reached XP level 2. HP: 23/24 MP: 2/2
   508 | D:2      | Reached skill level 4 in Shields
   760 | D:2      | Reached XP level 3. HP: 30/30 MP: 3/3
  1586 | D:3      | Noticed a big kobold
  1629 | D:3      | Reached XP level 4. HP: 27/37 MP: 4/4
  1651 | D:3      | Killed a big kobold
  1651 | D:3      | Reached XP level 5. HP: 19/43 MP: 5/5
  2084 | D:3      | Reached skill level 5 in Shields
  2884 | D:4      | Reached skill level 5 in Fighting
  2884 | D:4      | Reached XP level 6. HP: 35/51 MP: 6/6
  2948 | D:4      | Noticed an ogre
  2956 | D:4      | Killed an ogre
  2956 | D:4      | Reached skill level 6 in Shields
  3315 | D:4      | Found a staircase to the Ecumenical Temple.
  3516 | Temple   | Entered the Ecumenical Temple
  3579 | Temple   | Became a worshipper of Zin the Law-Giver
  3579 | Temple   | Reached * piety under Zin
  3864 | D:5      | Entered Level 5 of the Dungeon
  4002 | D:5      | Noticed an ogre
  4013 | D:5      | Killed an ogre
  4013 | D:5      | Reached XP level 7. HP: 29/57 MP: 7/7
  4275 | D:5      | Noticed Edmund
  4292 | D:5      | Reached skill level 7 in Shields
  4308 | D:5      | Killed Edmund
  4342 | D:5      | Noticed Sigmund
  4356 | D:5      | Killed Sigmund
  4356 | D:5      | Reached XP level 8. HP: 56/67 MP: 8/8
  4414 | D:5      | Noticed Eustachio
  4414 | D:5      | Reached skill level 8 in Shields
  4441 | D:5      | Killed Eustachio
  4646 | D:5      | Noticed Blork the orc
  4662 | D:5      | Killed Blork the orc
  5062 | D:6      | Noticed Pikel
  5088 | D:6      | Killed Pikel
  5088 | D:6      | Reached skill level 9 in Shields
  5088 | D:6      | Reached XP level 9. HP: 53/75 MP: 9/9
  5193 | D:6      | Reached ** piety under Zin
  5427 | D:6      | Reached skill level 10 in Shields
  5555 | D:6      | Found a runed door.
  5663 | D:6      | Noticed Grinder
  5697 | D:6      | Killed Grinder
  6121 | D:6      | Noticed Crazy Yiuf
  6129 | D:6      | Killed Crazy Yiuf
  6299 | D:7      | Noticed Duvessa
  6300 | D:7      | Noticed Dowan
  6340 | D:7      | Killed Duvessa
  6340 | D:7      | Reached skill level 10 in Fighting
  6354 | D:7      | Killed Dowan
  6434 | D:7      | Reached skill level 11 in Shields
  6581 | D:7      | Reached XP level 10. HP: 86/86 MP: 10/10
  7093 | D:8      | Found a shadowy altar of Dithmenos.
  7097 | D:8      | Found Upsoewku's Armour Shop.
  7164 | D:8      | Found a deep blue altar of Sif Muna.
  7230 | D:8      | Reached skill level 12 in Shields
  7410 | D:8      | Reached *** piety under Zin
  7411 | D:8      | Noticed Psyche
  7413 | D:8      | Found a staircase to the Lair.
  7432 | D:8      | Killed Psyche
  7439 | D:8      | Noticed Grum
  7481 | D:8      | Killed Grum
  8672 | D:9      | Found a radiant altar of Vehumet.
  8712 | D:9      | Found a staircase to the Orcish Mines.
  8715 | D:9      | Noticed Erolcha
  8744 | D:9      | Killed Erolcha
  8744 | D:9      | Reached skill level 13 in Shields
  8744 | D:9      | Reached XP level 11. HP: 68/95 MP: 11/11
  9369 | D:9      | Reached **** piety under Zin
  9918 | D:10     | Entered Level 10 of the Dungeon
 10003 | D:10     | Noticed a two-headed ogre
 10031 | D:10     | Killed a two-headed ogre
 10031 | D:10     | Reached skill level 14 in Shields
 10363 | D:10     | Noticed Urug
 10391 | D:10     | Killed Urug
 11462 | D:11     | Noticed an unseen horror
 11467 | D:11     | Noticed a two-headed ogre
 11468 | D:11     | Killed an unseen horror
 11488 | D:11     | Killed a two-headed ogre
 11494 | D:11     | Reached XP level 12. HP: 40/106 MP: 12/12
 11806 | D:11     | Noticed a catoblepas
 11833 | D:11     | Mangled by a catoblepas

Vault maps used:
D:1:      eino_arrival_cavern_d
D:2:      first_ration
D:3:      cheibrodos_thug_alley
D:4:      minmay_temple_entry_fiery, st_stairs_9
D:5:      hangedman_decor_lopped, uniq_blork_the_orc, uniq_eustachio,
          uniq_sigmund, uniq_edmund
D:6:      uniq_grinder, uniq_pikel, uniq_crazy_yiuf_cottage
D:7:      uniq_duvessa
D:8:      nicolae_dithmenos_through_a_glass_darkly,
          grunt_lair_entry_orc_guard_hut, basic_altar, serial_shops, shop,
          blue_anna_alchemist, serial_park_tiny_1, uniq_psyche, uniq_grum
D:9:      david_orc_1_choice, basic_altar, uniq_erolcha
D:10:     uniq_urug
D:11:     uniq_josephine
Temple:   minmay_crystal_snake_temple

Skill      XL: |  1  2  3  4  5  6  7  8  9 10 11 |
---------------+----------------------------------+-----
Shields        | 4 5 6 7 9 11 13 14 | 14.9
Fighting       | 4 5 7 8 10 12 13 | 13.9
Long Blades    | 3 |  3.2
Armour         | |  3.2

Action                   |  1- 3 |  4- 6 |  7- 9 | 10-12 || total
-------------------------+-------+-------+-------+-------++-------
Melee: Long sword        |    16 |       |       |       ||    16
       Dagger            |    64 |   163 |   440 |   760 ||  1427
       Broad axe         |       |       |       |   150 ||   150
 Abil: Dig               |     5 |     3 |     6 |    27 ||    41
Evoke: Wand              |       |     3 |       |     6 ||     9
       Phial of floods   |       |       |       |     1 ||     1
  Use: Potion            |     2 |       |       |     1 ||     3
       Scroll            |       |       |     5 |     3 ||     8
 Stab: Petrified         |       |       |       |     9 ||     9
  Eat: Chunk             |     2 |     6 |     5 |    11 ||    24
       Ration            |       |     1 |     1 |     3 ||     5
Armor: Chain mail        |    38 |    56 |    96 |       ||   190
       Scale mail        |     1 |       |       |       ||     1
       Plate armour      |       |       |    35 |   315 ||   350
Dodge: Dodged            |    24 |    32 |    60 |    91 ||   207
Block: Shield            |    39 |    74 |   118 |       ||   231
       Large shield      |       |       |    98 |   996 ||  1094
       Rpst.: Long sword |     1 |       |       |       ||     1

Table legend:
 A = Spawn XP
 B = Non-spawn XP
 C = Spawn XP percentage of total XP
 D = Spawn monster count
 E = Non-spawn monster count
 F = Spawn count percentage of total count
 G = Total turns spent on level
                    A         B        C        D         E        F      G
               +---------+---------+-------+---------+---------+-------+---------
         Total |       0 |   16294 |   0.0 |       0 |     246 |   0.0 | 11833
               +---------+---------+-------+---------+---------+-------+---------
           D:1 |       0 |      16 |   0.0 |       0 |       9 |   0.0 |   499
           D:2 |       0 |      29 |   0.0 |       0 |      11 |   0.0 |   884
           D:3 |       0 |     146 |   0.0 |       0 |      22 |   0.0 |  1100
           D:4 |       0 |     252 |   0.0 |       0 |      19 |   0.0 |  1271
           D:5 |       0 |    1179 |   0.0 |       0 |      20 |   0.0 |  1198
           D:6 |       0 |    1558 |   0.0 |       0 |      26 |   0.0 |  1154
           D:7 |       0 |     890 |   0.0 |       0 |      20 |   0.0 |   762
           D:8 |       0 |    3062 |   0.0 |       0 |      39 |   0.0 |  1597
           D:9 |       0 |    3079 |   0.0 |       0 |      28 |   0.0 |  1343
          D:10 |       0 |    3816 |   0.0 |       0 |      39 |   0.0 |  1542
          D:11 |       0 |    2267 |   0.0 |       0 |      13 |   0.0 |   373
               +---------+---------+-------+---------+---------+-------+---------
